 Dungeon Crawl Stone Soup version 0.19.4-25-g1b72edd (webtiles) character file.

4178 Mesmaeker13 the Fighter (level 10, -4/80 HPs)
             Began as a Demonspawn Fighter on Feb 28, 2017.
             Was a Follower of Qazlal.
             Slain by Snorg (16 damage)
             ... on level 10 of the Dungeon.
             The game lasted 00:20:49 (9763 turns).

Mesmaeker13 the Fighter (Demonspawn Fighter)        Turns: 9763, Time: 00:20:49

Health: -4/80      AC: 13    Str: 18    XL:     10   Next: 8%
Magic:  0/11       EV: 13    Int: 11    God:    Qazlal [*.....]
Gold:   488        SH: 12    Dex: 18    Spells: 0 memorised, 9 levels left

rFire  . . .     SeeInvis .     L - +2 flail (crush)
rCold  . . .     Gourm    .     D - +3 ring mail
rNeg   + . .     Faith    .     c - +0 shield
rPois  +         Spirit   +     y - +0 helmet
rElec  .         Reflect  .     w - +1 cloak
rCorr  .         Harm     .     (no gloves)
MR     .....                    (no boots)
Stlth  ++........               v - amulet of guardian spirit
                                H - ring of positive energy (curse)
                                Q - ring of poison resistance

@: agile
A: claws 2, hooves 1, powered by death 1, rot immunity
a: Renounce Religion


You were on level 10 of the Dungeon.
You worshipped Qazlal.
Qazlal was aware of your devotion.
You were hungry.

You visited 2 branches of the dungeon, and saw 11 of its levels.
You also visited: Sewer.

You collected 488 gold pieces.

Inventory:

Hand Weapons
 L - a +2 flail of crushing (weapon)
 O - a +3 flail
Missiles
 d - 2 javelins of returning (quivered)
Armour
 c - a +0 shield (worn)
 w - a +1 cloak (worn)
 y - a +0 helmet (worn)
 D - a +3 ring mail (worn)
 I - a +0 plate armour
Magical Staves
 K - an uncursed staff of cold {unknown}
Jewellery
 v - an amulet of guardian spirit (around neck)
 C - a +4 ring of protection
 F - an uncursed ring of fire
 H - a cursed ring of positive energy (right claw)
 N - an uncursed ring of ice
 Q - a ring of poison resistance (left claw)
Wands
 b - a wand of acid (8/15)
 r - a wand of digging (15/24)
 M - a wand of paralysis (17/24)
Scrolls
 g - 6 scrolls of amnesia
 m - a scroll of enchant armour
 q - 8 scrolls of remove curse
 s - 3 scrolls of magic mapping
 B - 4 scrolls of recharging
Potions
 a - 4 potions of cancellation
 e - 3 potions of flight
 k - a potion of lignification {unknown}
 l - 4 potions of curing
 n - 2 potions of agility
 o - a potion of brilliance {unknown}
 x - a potion of haste {unknown}
 z - a potion of ambrosia {unknown}
 A - 3 potions of magic
 E - a potion of might
 P - a potion of beneficial mutation {unknown}
Books
 J - a book of Cantrips

   Spells                             Type                      Level
   a - Confusing Touch                Hexes                        1
   b - Animate Skeleton               Necromancy                   1
   c - Summon Small Mammal            Summoning                    1
   d - Apportation                    Translocation                1
Comestibles
 f - 6 bread rations
 h - 4 meat rations
 j - 2 slices of pizza
 p - 10 beef jerkies
 t - a royal jelly


   Skills:
 - Level 8.0 Fighting
 + Level 6.8 Maces & Flails
 + Level 7.2 Armour
 + Level 7.1 Shields
 + Level 2.1 Invocations


You had 9 spell levels left.
You didn't know any spells.

Dungeon Overview and Level Annotations

Branches:
Dungeon (10/15)            Temple (1/1) D:7
   Lair: D:8-11         Orc: D:9-12

Altars:
Ashenzari
Cheibriados
Dithmenos
Elyvilon
Fedhas
Gozag
Hepliaklqana
Kikubaaqudgha
Makhleb
Nemelex Xobeh
Okawaru
Qazlal
Ru
Sif Muna
Trog
Uskayaw
Vehumet
Xom
The Shining One

Annotations:
D:9 Gastronok
D:10 Snorg


Innate Abilities, Weirdness & Mutations

You have very sharp fingernails.
You have large cloven feet.
You regenerate a little health from kills.
You are immune to rotting.


Message History

Snorg barely misses you. Snorg claws you. You block Snorg's attack.
Snorg barely misses you. You block Snorg's attack. x2
You hit Snorg but do no damage. Your kick misses Snorg.
Snorg is moderately wounded.
Snorg closely misses you. Snorg claws you! You block Snorg's attack.
You thump Snorg! You kick Snorg, but do no damage.
Snorg is moderately wounded.
You block Snorg's attack. Snorg barely misses you. Snorg claws you.
Snorg barely misses you. Snorg misses you. Snorg closely misses you.
You block Snorg's attack. Snorg barely misses you. Snorg claws you!
Snorg barely misses you. You block Snorg's attack. Snorg claws you.
Snorg closely misses you. Snorg claws you! Snorg barely misses you.
Found a stone staircase leading down.
You block Snorg's attack. Snorg claws you!
* * * LOW HITPOINT WARNING * * *
You block Snorg's attack. Snorg bites you!
* * * LOW HITPOINT WARNING * * *
Snorg claws you!!
You die...

#### ....#######..
####..(.<..#.#####
........#..#.....
...........+..>..
.....#.#..#.....
.....#.#..#.....
.... #......#
.....#.#.##@#.###.
..........T........
...........######.
..########### .


You could see Snorg (berserk).

Vanquished Creatures
  The ghost of North the Cleaver, a novice FoFi of Makhleb (D:5)
  A hippogriff (D:6)
  Edmund (D:6)
  An orc warrior (D:7)
  3 ice beasts
  A black bear (D:8)
  4 sky beasts
  A necrophage (D:7)
  3 phantoms
  2 ogres
  4 big kobolds (Sewer)
  5 bullfrogs
  Blork the orc (D:4)
  A gnoll sergeant (D:9)
  A scorpion (D:7)
  4 wights (D:7)
  A howler monkey (D:6)
  A crimson imp (D:7)
  2 hounds
  4 orc priests
  A bullfrog skeleton (D:7)
  5 orc wizards
  3 iguanas
  5 worker ants
  A hound zombie (D:7)
  A hound skeleton (D:6)
  15 gnolls
  4 river rats
  11 adders
  2 oozes
  2 adder skeletons
  2 adder zombies
  7 worms
  A dart slug (D:2)
  9 leopard geckos
  21 orcs
  4 ball pythons
  8 bats
  7 giant cockroaches
  4 goblins
  8 hobgoblins
  3 quokkas
  4 frilled lizards
  A giant cockroach zombie (D:5)
  8 kobolds
  2 quokka skeletons (D:7)
  15 rats
196 creatures vanquished.

Notes
Turn   | Place    | Note
-------+----------+-------------------------------------------
     0 | D:1      | Mesmaeker13 the Demonspawn Fighter began the quest for the Orb.
     0 | D:1      | Reached XP level 1. HP: 18/18 MP: 1/1
   166 | D:1      | Gained mutation: You have large cloven feet. [demonic ancestry]
   166 | D:1      | Reached XP level 2. HP: 19/24 MP: 2/2
   663 | D:2      | Reached XP level 3. HP: 27/29 MP: 3/3
  1366 | D:2      | Gained mutation: You are immune to rotting. [demonic ancestry]
  1366 | D:2      | Reached XP level 4. HP: 11/36 MP: 4/4
  1661 | D:2      | Found an iron altar of Okawaru.
  2363 | D:3      | Gained mutation: You have sharp fingernails. [demonic ancestry]
  2363 | D:3      | Reached XP level 5. HP: 26/42 MP: 5/5
  2365 | D:3      | Reached skill level 4 in Fighting
  3088 | D:3      | Found a shadowy altar of Dithmenos.
  3769 | D:4      | Noticed Blork the orc
  3777 | D:4      | Killed Blork the orc
  3777 | D:4      | Gained mutation: You have very sharp fingernails. [demonic ancestry]
  3777 | D:4      | Reached XP level 6. HP: 43/49 MP: 3/6
  4255 | D:5      | Entered Level 5 of the Dungeon
  4334 | D:5      | Noticed North's ghost (novice FoFi)
  4354 | D:5      | Killed North's ghost
  4354 | D:5      | Reached skill level 5 in Fighting
  4354 | D:5      | Gained mutation: You regenerate a little health from kills. [demonic ancestry]
  4354 | D:5      | Reached XP level 7. HP: 27/56 MP: 4/7
  4356 | D:5      | Found a glowing drain.
  4364 | Sewer    | Entered a sewer
  4541 | Sewer    | Reached skill level 5 in Shields
  4541 | Sewer    | Reached XP level 8. HP: 59/64 MP: 6/8
  4775 | Sewer    | Reached skill level 6 in Fighting
  4775 | Sewer    | Reached skill level 5 in Armour
  5177 | D:5      | Reached skill level 5 in Maces & Flails
  5982 | D:6      | Noticed Edmund
  5992 | D:6      | Killed Edmund
  6338 | D:6      | Reached XP level 9. HP: 55/71 MP: 9/9
  6972 | D:7      | Found an opulent altar of Gozag.
  7004 | D:7      | Found a hazy altar of Hepliaklqana.
  7010 | D:7      | Reached skill level 7 in Fighting
  7232 | D:7      | Found a staircase to the Ecumenical Temple.
  7338 | Temple   | Entered the Ecumenical Temple
  7435 | Temple   | Became a worshipper of Qazlal Stormbringer
  7650 | D:7      | Found a shattered altar of Ashenzari.
  8479 | D:8      | Reached skill level 8 in Fighting
  9133 | D:9      | Reached * piety under Qazlal
  9133 | D:9      | Reached skill level 1 in Invocations
  9206 | D:9      | Noticed a troll
  9221 | D:8      | Reached XP level 10. HP: 73/80 MP: 8/10
  9733 | D:9      | Noticed Gastronok
  9745 | D:10     | Entered Level 10 of the Dungeon
  9745 | D:10     | Noticed Snorg
  9763 | D:10     | Slain by Snorg

Skill      XL: |  1  2  3  4  5  6  7  8  9 10 |
---------------+-------------------------------+-----
Maces & Flails | 2 3 4 5 6 |  6.8
Armour         | 3 4 5 7 |  7.2
Shields        | 3 4 5 7 |  7.1
Fighting       | 4 5 6 8 |  8.0
Invocations    | 1 2 |  2.1

Action                   |  1- 3 |  4- 6 |  7- 9 | 10-12 || total
-------------------------+-------+-------+-------+-------++-------
Melee: Flail             |   158 |    93 |   246 |    54 ||   551
       Kick              |    32 |    32 |   119 |    22 ||   205
       Whip              |       |    51 |   225 |       ||   276
Throw: Javelin           |       |       |     6 |     1 ||     7
Evoke: Wand              |       |       |    10 |       ||    10
  Use: Scroll            |       |     9 |     6 |     4 ||    19
       Potion            |       |     2 |       |     2 ||     4
  Eat: Chunk             |     2 |     9 |    17 |     1 ||    29
Armor: Scale mail        |    77 |    37 |       |       ||   114
       Ring mail         |       |    13 |   174 |    12 ||   199
Dodge: Dodged            |    58 |    37 |   122 |    26 ||   243
Block: Shield            |    88 |    78 |   204 |    51 ||   421
